 Dungeon Crawl Stone Soup version 0.27-a0-67-g4bfc8a49e1 (webtiles) character file.

Game seed: 4864404129491578288

27039 Borgoz the Grappler (level 13, -8/113 HPs)
             Began as a Ghoul Gladiator on Jan 9, 2021.
             Was the Champion of Makhleb.
             Mangled by a skeletal warrior
             ... wielding a +0 scimitar
              (13 damage)
             ... on level 14 of the Dungeon.
             The game lasted 00:31:39 (15324 turns).

Borgoz the Grappler (Ghoul Gladiator)              Turns: 15324, Time: 00:31:40

Health: -8/113     AC: 12    Str: 25    XL:     13   Next: 29%
Magic:  18/18      EV: 17    Int:  4    God:    Makhleb [******]
Gold:   950        SH:  5    Dex: 13    Spells: 15/20 levels left

rFire    . . .     SeeInvis +     - Unarmed
rCold    + . .     Faith    .   (no shield)
rNeg     + + +     Spirit   .   z - +1 ring mail {Will+}
rPois    ∞         Reflect  +   b - +0 helmet
rElec    .         Harm     .   o - +0 cloak
rCorr    .         Rampage  .   (no gloves)
Will     +....                  f - +0 pair of boots
Stlth    +.........             q - amulet of reflection
HPRegen  0.00/turn              y - +6 ring of strength
MPRegen  0.16/turn              l - ring of see invisible

@: mighty, slowed, very slow
A: claws 1, cold resistance 1, negative energy resistance 3, inhibited
regeneration, torment resistance, unbreathing
a: Renounce Religion, Minor Destruction, Lesser Servant of Makhleb, Major
Destruction, Greater Servant of Makhleb


You were on level 14 of the Dungeon.
You worshipped Makhleb.
Makhleb was exalted by your worship.
You visited 2 branches of the dungeon, and saw 15 of its levels.
You also visited: Bailey.

You collected 950 gold pieces.

Inventory:

Missiles
 c - 2 throwing nets (quivered)
Armour
 b - a +0 helmet (worn)
 e - a +1 ring mail of fire resistance
 f - a +0 pair of boots (worn)
 o - a +0 cloak (worn)
 z - a +1 ring mail of willpower (worn)
Jewellery
 l - a ring of see invisible (right claw)
 q - an amulet of reflection (around neck)
 v - an uncursed ring of willpower
 y - a +6 ring of strength (left claw)
 I - an uncursed ring of protection from cold
Wands
 s - a wand of flame (48)
 u - a wand of disintegration (17)
 w - a wand of digging (10)
 x - a wand of acid (16)
 A - a wand of paralysis (8)
 G - a wand of enslavement (19)
Scrolls
 a - 2 scrolls of enchant armour
 d - 3 scrolls of enchant weapon
 h - a scroll of blinking
 i - 15 scrolls of remove curse
 j - 3 scrolls of fog
 k - 3 scrolls of magic mapping
 p - a scroll of identify
 E - 2 scrolls of fear
 K - 3 scrolls of teleportation
Potions
 g - 2 potions of might
 n - a potion of cancellation
 B - a potion of curing
 C - 3 potions of haste
 D - 6 potions of ambrosia
 F - 2 potions of flight


   Skills:
 + Level 10.2 Fighting
 - Level 1.7 Throwing
 * Level 9.7 Armour
 * Level 10.1 Dodging
 + Level 13.0 Unarmed Combat
 + Level 4.1 Spellcasting
 + Level 4.0 Hexes


You had 15 spell levels left.
You knew the following spells:

 Your Spells              Type           Power        Failure   Level
a - Confusing Touch       Hex            4%           30%         3
b - Blink                 Tloc           N/A          63%         2

Your spell library contained the following spells:

 Spells                   Type           Power        Failure   Level
 Corona                   Hex            4%           10%         1
 Slow                     Hex            4%           16%         2
 Tukima's Dance           Hex            4%           30%         3
 Ensorcelled Hibernation  Hex/Ice        4%           34%         2
 Magic Dart               Conj           0%           47%         1
 Dazzling Flash           Conj/Hex       4%           56%         3
 Call Imp                 Summ           0%           63%         2
 Conjure Flame            Conj/Fire      0%           85%         3
 Mephitic Cloud           Conj/Pois/Air  0%           85%         3
 Irradiate                Conj/Tmut      0%           100%        5
 Hydra Form               Tmut           Unusable     N/A         6
 Statue Form              Tmut/Erth      Unusable     N/A         6
 Dragon Form              Tmut           Unusable     N/A         7

Dungeon Overview and Level Annotations

Branches:
Dungeon (14/15)            Temple (1/1) D:7            Lair (0/6) D:11
    Orc (0/2) D:12         Bailey (visited)
 Vaults: D:13-14

Altars:
Ashenzari
Cheibriados
Dithmenos
Elyvilon
Fedhas
Gozag
Hepliaklqana
Kikubaaqudgha
Makhleb
Nemelex Xobeh
Okawaru
Qazlal
Ru
Sif Muna
Trog
Uskayaw
Vehumet
Wu Jian
Xom
Yredelemnul
Zin
The Shining One

Shops:
D:9 :

Annotations:
D:14 1 runed translucent door


Innate Abilities, Weirdness & Mutations

You thrive by killing the living.
You are immune to poison.
You have sharp fingernails.
Your flesh is cold resistant. (rC+)
You are immune to negative energy. (rN+++)
You do not regenerate when monsters are visible.
You are immune to unholy pain and torment.
You can survive without breathing.


Message History

The skeletal warrior is lightly damaged.
The skeletal warrior closely misses you.
You barely miss the skeletal warrior.
The skeletal warrior is lightly damaged.
The deep elf archer unwields a -3 short sword.
The deep elf archer wields a +0 shortbow.
The deep elf archer shoots an arrow.
The arrow misses you.
The skeletal warrior hits you with a +0 scimitar!
* * * LOW HITPOINT WARNING * * *
The skeletal warrior hits you with a +0 scimitar!!
* * * LOW HITPOINT WARNING * * *
Items here: ( )) ††.
The deep elf archer unwields a +0 shortbow.
The deep elf archer wields a -3 short sword.
You block the deep elf archer's attack. x2
Things that are here:
a +0 plate armour; an arrow You feel very mighty all of a sudden.
The skeletal warrior hits you with a +0 scimitar!
You die...

## ##........##
##........## ##........##
##........#####
#............#
#...#######..#
#...#)..(.#..#
#...#)e#z##..#
##..#e#@#.#..# #
#..#))##(#..#.##.
#.##.#)).(Z.....#
##>.#####(#).#.###
##.#..)............ #
##.##..(....(.......
########.....#####.#..#.###
..#..........# .(.......
#....#......## ##.#..#.##.


You could see a skeletal warrior and a deep elf archer (repels missiles).

Vanquished Creatures
  A boulder beetle (D:13)
  A hydra (D:13)
  A catoblepas (D:13)
  4 centaur warriors
  A two-headed ogre (D:12)
  An unseen horror (D:11)
  An orc knight (D:14)
  3 ugly things
  3 deep elf magi (D:14)
  A cyclops (D:13)
  A gargoyle (D:14)
  3 centaur skeletons
  A komodo dragon (D:14)
  An efreet (D:13)
  2 trolls
  Grinder (D:5)
  A queen bee (D:9)
  3 slime creatures (D:12)
  15 yaks
  Sigmund (D:4)
  2 wraiths
  3 wyverns
  A basilisk (D:12)
  A steam dragon (D:12)
  A soldier ant (D:13)
  Edmund (D:4)
  A water moccasin (D:8)
  10 orc warriors
  6 sky beasts
  2 phantoms
  5 ice beasts
  8 ogres
  A necrophage (D:10)
  2 black bears
  17 centaurs
  3 big kobolds
  11 bullfrogs
  A gnoll sergeant (D:9)
  A wyvern zombie (D:12)
  2 wyvern skeletons
  3 scorpions
  26 killer bees
  10 wights
  7 howler monkeys
  4 centaur zombies
  4 bullfrog zombies
  10 hounds
  2 quasits
  Crazy Yiuf (D:4)
  3 bullfrog skeletons
  8 orc priests
  6 gnoll shamans
  3 jellies
  8 iguanas
  15 orc wizards
  8 worker ants
  Terence (D:3)
  A hound zombie (D:9)
  A howler monkey zombie (D:5)
  A worker ant zombie (D:6)
  48 gnolls
  11 adders
  A shadow imp (D:7)
  5 white imps
  3 ufetubi
  An ooze (D:1)
  2 adder skeletons
  3 worms
  3 dart slugs
  15 leopard geckos
  87 orcs
  6 giant cockroaches
  13 hobgoblins
  27 jackals
  43 kobolds
  5 quokkas
  2 ball pythons
  7 bats
  6 frilled lizards
  12 goblins
  A jackal zombie (D:5)
  A leopard gecko zombie (D:8)
  A quokka skeleton (D:5)
  8 rats
558 creatures vanquished.

Vanquished Creatures (others)
  15 fungi
  79 plants
94 creatures vanquished.

Grand Total: 652 creatures vanquished

Notes
Turn   | Place    | Note
-------+----------+-------------------------------------------
     0 | D:1      | Borgoz the Ghoul Gladiator began the quest for the Orb.
     0 | D:1      | Reached XP level 1. HP: 17/17 MP: 0/0
   132 | D:1      | Reached XP level 2. HP: 25/25 MP: 1/1
   455 | D:1      | Reached XP level 3. HP: 30/30 MP: 2/2
   645 | D:1      | Reached skill level 4 in Unarmed Combat
   666 | D:1      | Reached skill level 1 in Armour
  1036 | D:2      | Found a shadowy altar of Dithmenos.
  1087 | D:2      | Reached XP level 4. HP: 25/37 MP: 3/3
  1988 | D:2      | Reached XP level 5. HP: 32/45 MP: 4/4
  2233 | D:2      | Found an ancient bone altar of Kikubaaqudgha.
  2476 | D:3      | Reached skill level 5 in Unarmed Combat
  2657 | D:3      | Noticed an ogre
  2684 | D:3      | Found a burning altar of Makhleb.
  2708 | D:3      | Reached XP level 6. HP: 25/51 MP: 5/5
  3826 | D:3      | Became a worshipper of Makhleb the Destroyer
  4088 | D:3      | Reached XP level 7. HP: 59/59 MP: 6/6
  4232 | D:3      | Noticed Terence
  4242 | D:3      | Killed Terence
  4243 | D:3      | Reached skill level 6 in Unarmed Combat
  4702 | D:3      | Reached * piety under Makhleb
  5305 | D:4      | Noticed Edmund
  5319 | D:4      | Killed Edmund
  5320 | D:4      | Reached skill level 7 in Unarmed Combat
  5320 | D:4      | Reached XP level 8. HP: 65/67 MP: 7/7
  5337 | D:4      | Noticed Sigmund
  5576 | D:4      | Killed Sigmund
  5577 | D:4      | Reached skill level 5 in Fighting
  5808 | D:4      | Found a broken altar of Ashenzari.
  5899 | D:4      | Reached skill level 5 in Dodging
  5899 | D:4      | Reached skill level 8 in Unarmed Combat
  6085 | D:4      | Found a hazy altar of Hepliaklqana.
  6361 | D:4      | Found a runed translucent door.
  6362 | D:4      | Noticed Crazy Yiuf
  6458 | D:4      | Killed Crazy Yiuf
  6525 | D:5      | Entered Level 5 of the Dungeon
  6530 | D:5      | Noticed Grinder
  6537 | D:5      | Paralysed by Grinder for 3 turns
  6549 | D:5      | Killed Grinder
  6550 | D:5      | Reached XP level 9. HP: 56/75 MP: 8/8
  6648 | D:5      | Reached ** piety under Makhleb
  6820 | D:5      | Found a shimmering altar of Xom.
  7139 | D:6      | Reached skill level 9 in Unarmed Combat
  7611 | D:6      | Reached skill level 5 in Armour
  7747 | D:6      | Found an opulent altar of Gozag.
  7802 | D:6      | Found a glowing silver altar of Zin.
  8104 | D:7      | Reached *** piety under Makhleb
  8267 | D:7      | Reached skill level 10 in Unarmed Combat
  8282 | D:7      | Reached XP level 10. HP: 47/86 MP: 9/9
  8446 | D:7      | Found a flagged portal.
  8530 | Bailey   | Entered a bailey
  8764 | Bailey   | Reached **** piety under Makhleb
  8816 | Bailey   | Identified the +5 scimitar of Foul Odors {flame, Str+3}
  8986 | D:7      | Found a staircase to the Ecumenical Temple.
  8996 | Temple   | Entered the Ecumenical Temple
  9097 | D:7      | Found a stormy altar of Qazlal.
  9176 | D:7      | Found a bloodstained altar of Trog.
  9425 | D:8      | Found a sparkling altar of Nemelex Xobeh.
  9561 | D:8      | Reached skill level 11 in Unarmed Combat
  9816 | D:8      | Found a shimmering blue altar of Sif Muna.
  9914 | D:9      | Found Tokexoeh's Book Shop.
  9914 | D:9      | Found a basalt altar of Yredelemnul.
 10005 | D:9      | Reached XP level 11. HP: 67/95 MP: 10/10
 10035 | D:9      | Reached ***** piety under Makhleb
 10349 | D:9      | Learned a level 3 spell: Confusing Touch
 10352 | D:9      | Learned a level 2 spell: Blink
 10460 | D:9      | Reached skill level 12 in Unarmed Combat
 10614 | D:10     | Entered Level 10 of the Dungeon
 10888 | D:10     | Reached skill level 1 in Hexes
 10889 | D:10     | Reached skill level 1 in Spellcasting
 11523 | D:11     | Reached ****** piety under Makhleb
 11560 | D:11     | Found a staircase to the Lair.
 11611 | D:11     | Noticed an unseen horror
 11625 | D:11     | Killed an unseen horror
 12159 | D:12     | Noticed a purple ugly thing
 12171 | D:12     | Killed a purple ugly thing
 12245 | D:12     | Reached XP level 12. HP: 103/104 MP: 14/14
 12388 | D:12     | Found a staircase to the Orcish Mines.
 12666 | D:12     | Noticed a two-headed ogre
 12673 | D:12     | Killed a two-headed ogre
 12775 | D:12     | Found a bloodstained altar of Trog.
 12946 | D:13     | Noticed a centaur warrior
 12948 | D:13     | Noticed a centaur warrior
 12959 | D:13     | Killed a centaur warrior
 12967 | D:13     | Killed a centaur warrior
 13054 | D:13     | Noticed a seven-headed hydra
 13066 | D:13     | Killed a seven-headed hydra
 13313 | D:13     | Noticed a catoblepas
 13337 | D:13     | HP: 4/106 [catoblepas (4)]
 13345 | D:13     | Killed a catoblepas
 13542 | D:13     | Noticed a boulder beetle
 13943 | D:13     | Killed a boulder beetle
 14114 | D:13     | Reached skill level 10 in Fighting
 14463 | D:14     | Found a runed translucent door.
 14472 | D:14     | Noticed a centaur warrior
 14616 | D:14     | Killed a centaur warrior
 14617 | D:14     | Reached XP level 13. HP: 113/113 MP: 17/17
 15216 | D:14     | Reached skill level 10 in Dodging
 15259 | D:14     | Reached skill level 13 in Unarmed Combat
 15322 | D:14     | HP: 5/113 [skeletal warrior/+0 scimitar (19)]
 15324 | D:14     | Mangled by a skeletal warrior

Illustrated notes

Levels and vault maps discovered:
D:1:      moated_graveyard_arrival, layout_basic
D:2:      layout_rooms, nicolae_overflow_hidden_temple,
          lemuel_coloured_pillars_altar
D:3:      lemuel_castle_with_subvaults [lemuel_castle_interior_carwin_2],
          layout_basic, bloody_makhleb, serial_bayou, serial_bayou_crossing,
          serial_bayou_lagoon_a, serial_bayou_pond_a, serial_bayou_lagoon_b,
          uniq_terence
D:4:      layout_loops_cross, kennysheep_mini, kennysheep_mini_moat,
          uniq_crazy_yiuf_cottage, uniq_sigmund, uniq_edmund
D:5:      layout_gridville, overflow_temple_1_default, uniq_grinder
D:6:      layout_loops_ring, pdpol_temple_overflow_zin_treasury_gozag_greed
D:7:      layout_rooms, marbit_many_paths, kennysheep_little_box,
          minmay_temple_entry_hall, enter_bailey_5
D:8:      layout_basic, lemuel_blue_sif_altar, nemelex_altar_shiori
D:9:      layout_rooms, lemuel_crystal_altar, serial_shops, shop, minivault_7
D:10:     layout_layer_cave, special_room [special_room_orc], st_stairs_3,
          kennysheep_generic_room_14
D:11:     layout_basic, grunt_lair_entry_orc_guard_hut, minivault_10
D:12:     layout_long_grid, orc_0_dummy, basic_altar, minmay_lizard_king
D:13:     layout_small_grid
D:14:     layout_cave_pods, hangedman_vaults_entry_quadrant_bands,
          serial_park_avenue1, ebering_ghost_reflecting_pool
Temple:   zaba_magenta_temple

Skill      XL: |  1  2  3  4  5  6  7  8  9 10 11 12 13 |
---------------+----------------------------------------+-----
Dodging        | 3 4 5 6 7 8 9 10 | 10.1
Unarmed Combat | 4 5 7 8 10 11 12 13 | 13.0
Armour         | 1 2 3 4 5 6 7 9 |  9.7
Fighting       | 3 4 5 7 8 9 10 | 10.2
Hexes          | 2 3 4 |  4.0
Spellcasting   | 2 3 4 |  4.1
Throwing       | |  1.7

Action                   |  1- 3 |  4- 6 |  7- 9 | 10-12 | 13-15 || total
-------------------------+-------+-------+-------+-------+-------++-------
Melee: Unarmed           |   122 |   252 |   501 |   960 |   117 ||  1952
       Punch             |     1 |    10 |    14 |    72 |    10 ||   107
Throw: Throwing net      |       |     2 |     2 |     6 |       ||    10
Evoke: Wand              |       |       |       |    21 |       ||    21
  Use: Scroll            |     2 |     3 |     7 |    17 |     1 ||    30
       Potion            |     1 |       |     2 |     6 |     1 ||    10
 Stab: Held in net/web   |       |       |     1 |     2 |       ||     3
Armor: Leather armour    |    34 |    72 |    88 |    44 |       ||   238
       Ring mail         |       |       |       |   240 |    31 ||   271
Dodge: Dodged            |    87 |   222 |   308 |   742 |    84 ||  1443
Block: Other             |       |       |    48 |   270 |    39 ||   357
       Reflection        |       |       |     1 |    36 |     7 ||    44

Table legend: (Time is in decaauts)
 A = Elapsed time spent in this place.
 B = Non-inter-level travel time spent in this place.
 C = Inter-level travel time spent in this place.
 D = Time resting spent in this place.
 E = Time spent auto-exploring this place.
 F = Levels seen in this place.
 G = Mean time per level.
                   A        B        C        D        E       F      G
               +--------+--------+--------+--------+--------+-----+--------+
         Total |  15022 |  14468 |    554 |   3537 |   7136 |  16 |  938.9 |
       Dungeon |  14589 |  14054 |    535 |   3414 |   7077 |  14 | 1042.1 |
        Temple |     76 |     57 |     19 |      0 |     57 |   1 |   76.0 |
        Bailey |    356 |    356 |      0 |    123 |      2 |   1 |  356.0 |
               +--------+--------+--------+--------+--------+-----+--------+

Top non-repeatable levels by time:
     D:3: 2527 daAuts
     D:1: 1552 daAuts
     D:2: 1450 daAuts
    D:13: 1343 daAuts
     D:4: 1060 daAuts
    D:12: 1011 daAuts
     D:7: 764 daAuts
    D:10: 754 daAuts
     D:6: 733 daAuts
    D:14: 716 daAuts
    D:11: 706 daAuts
     D:9: 679 daAuts
     D:5: 645 daAuts
     D:8: 643 daAuts
  Bailey: 356 daAuts
